 Dungeon Crawl Stone Soup version 0.31.0-11-ge490571c62 (webtiles) character file.

Game seed: 16373577048152469608

2060 Legs the Cleaver (level 9, -63/79 HPs)
             Began as a Minotaur Berserker on Jan 26, 2024.
             Was an Elder of Trog.
             Annihilated by a titanic slime creature (72 damage)
             ... on level 7 of the Dungeon on Jan 28, 2024.
             The game lasted 00:31:08 (5769 turns).

Legs the Cleaver (Minotaur Berserker)               Turns: 5769, Time: 00:31:08

Health: -63/79     AC: 20    Str: 26    XL:     9   Next: 5%
Magic:  8/8        EV:  8    Int:  7    God:    Trog [****..]
Gold:   266        SH:  0    Dex: 10    Spells: 8/8 levels left

rFire   . . .        v - +2 hand axe "Pinwav" {freeze, rN+}
rCold   + . .        d - orb {light}
rNeg    + . .        e - +0 plate armour
rPois   .            (helmet restricted)
rElec   +            B - +0 cloak
rCorr   .            I - +5 pair of gloves "Eprum" {^Drain rElec rC+ Int+3}
SInv    .            (no boots)
Will    .....        i - amulet of the acrobat Stlth
                     (no ring)
HPRegen 0.33/turn    (no ring)
MPRegen 0.11/turn

%: acrobat
@: glowing
A: horns 2, retaliatory headbutt
a: Renounce Religion, Berserk, Trog's Hand, Brothers in Arms


You were on level 7 of the Dungeon.
You worshipped Trog.
Trog was greatly pleased with you.
You visited 1 branch of the dungeon, and saw 7 of its levels.

You collected 266 gold pieces.

Inventory:

Hand Weapons
 f - a +1 heavy mace
 m - a +0 war axe
 q - a +4 short sword of venom
 v - the +2 hand axe "Pinwav" (weapon) {freeze, rN+}
   (You found it on level 4 of the Dungeon)

   rN+:       It protects you from negative energy.
 w - a +0 flail
 z - a +0 flail
 E - a +0 trident of venom
Armour
 d - an orb of light (worn)
 e - a +0 plate armour (worn)
 j - a +0 buckler
 B - a +0 cloak (worn)
 I - the +5 pair of gloves "Eprum" (worn) {^Drain rElec rC+ Int+3}
   (You found it on level 6 of the Dungeon)

   Int+3:     It affects your intelligence (+3).
   rC+:       It protects you from cold.
   rElec:     It insulates you from electricity.
   ^Drain:    It drains your maximum health when unequipped.
Jewellery
 i - an amulet of the acrobat (around neck)
 k - an amulet of guardian spirit
Wands
 r - a wand of polymorph (7)
 A - a wand of flame (18)
 H - a wand of digging (6)
Scrolls
 b - a scroll of identify
 c - 2 scrolls of fear
 o - a scroll of fog {unknown}
 p - a scroll of poison
 t - a scroll of blinking {unknown}
 y - a scroll of silence {unknown}
 D - a scroll of immolation {unknown}
 F - a scroll of noise {unknown}
 J - a scroll of torment {unknown}
Potions
 a - a potion of ambrosia {unknown}
 h - a potion of attraction {unknown}
 l - a potion of mutation {unknown}
 s - a potion of curing
 u - a potion of enlightenment {unknown}
 x - a potion of might {unknown}
 C - a potion of cancellation {unknown}
 G - a potion of magic {unknown}


   Skills:
 + Level 7.1 Fighting
 + Level 9.2(10.2) Axes
 + Level 6.6(8.9) Maces & Flails
 + Level 6.2 Armour
 + Level 3.7 Dodging
 + Level 0.7 Stealth


You had 8 spell levels left.
You didn't know any spells.
Your spell library was empty.

Dungeon Overview and Level Annotations

Branches:
Dungeon (7/15)             Temple (0/1) D:6

Altars:
Dithmenos
Hepliaklqana
Wu Jian

Shops:
D:6 !*

Portals:
Bailey: D:7

Annotations:
D:3 3 runed translucent doors, Zeo's ghost, weakling DrHu


Innate Abilities, Weirdness & Mutations

You have a pair of horns on your head.
You reflexively headbutt those who attack you in melee.


Message History

The orc warrior is moderately wounded.
You hit the very large slime creature but do no damage.
You hit the large slime creature. You freeze the large slime creature.
You slash the orc! You freeze the orc.
You kill the orc!
Trog accepts your kill.
You feel less confused.
The orc warrior hits you but does no damage.
You hit the orc warrior. You freeze the orc warrior.
You headbutt the orc warrior!
You kill the orc warrior!
Trog accepts your kill.
You hit the very large slime creature.
You freeze the very large slime creature.
You hit the large slime creature but do no damage.
The very large slime creature hits you!!
* * * LOW HITPOINT WARNING * * *
The large slime creature hits you but does no damage.
Two slime creatures merge to form a titanic slime creature.
Items here: )) [ †.
You feel better.
The howler monkey hits you but does no damage.
Okay, then.
You hit the orc priest. You freeze the orc priest.
Your headbutt misses the orc priest.
The orc priest is lightly wounded.
You hit the howler monkey. You freeze the howler monkey.
You hit the titanic slime creature. You freeze the titanic slime creature.
The orc priest barely misses you.
The howler monkey hoots and howls with incredible vigour!
You hear a shout! x2; You hear an angry hiss.
You slash the howler monkey! You freeze the howler monkey.
The howler monkey is severely wounded.
You hit the orc priest but do no damage.
You hit the titanic slime creature but do no damage.
The orc priest closely misses you. The howler monkey hits you.
* * * LOW HITPOINT WARNING * * *
The titanic slime creature hits you!!!!
Ouch! That really hurt!
You die...

...8.......#.#....
.............#.#...?
.............o...#..
..∩....8........##.# .
...............#...# J$
...........o.......##.J.
.....8.hFh...J..........
..8...o)#)##h.J....#
......h@JJ##..#....###..
###########...##..#.....
#..J###.###....
#.....J...##...
#....#.....#...
##.###....## ## ##
###.## ##


You could see a titanic slime creature, a slime creature, a bullfrog, 2 howler
monkeys, an orc priest and an orc.

Vanquished Creatures
  A water moccasin (D:6)
  An orc warrior (D:7)
  An ice beast (D:5)
  A black bear (D:4)
  3 ogres
  A centaur (D:6)
  An elf zombie (D:4)
  Blork the orc (D:5)
  3 scorpions
  4 elf skeletons (D:4)
  2 bombardier beetles (D:4)
  3 hounds
  3 orc priests
  A jelly (D:4)
  An iguana (D:5)
  3 sleepcaps
  2 human skeletons (D:4)
  3 orc wizards
  8 gnolls
  11 adders
  A shadow imp (D:6)
  A white imp (D:6)
  4 ufetubi
  3 dart slugs
  A ribbon worm (D:2)
  12 orcs
  5 endoplasms
  4 hobgoblins
  4 kobolds
  9 quokkas
  5 ball pythons
  8 bats
  5 frilled lizards
  10 goblins
  2 orc skeletons (D:4)
  2 orc zombies (D:4)
  12 rats
142 creatures vanquished.

Notes
Turn   | Place    | Note
-------+----------+-------------------------------------------
     0 | D:1      | Legs the Minotaur Berserker began the quest for the Orb.
     0 | D:1      | Reached XP level 1. HP: 19/19 MP: 0/0
   270 | D:1      | Reached XP level 2. HP: 27/27 MP: 1/1
   761 | D:1      | Reached ** piety under Trog
   948 | D:1      | Reached XP level 3. HP: 30/33 MP: 2/2
  1204 | D:2      | Upgraded the game from 0.31.0-10-gcf4a605ca0 to
                  | 0.31.0-11-ge490571c62
  1795 | D:3      | Found a runed translucent gate.
  1796 | D:3      | Found a runed translucent gate.
  1797 | D:3      | Found a runed translucent gate.
  1815 | D:3      | Reached skill level 5 in Maces & Flails
  1815 | D:3      | Reached XP level 4. HP: 31/40 MP: 3/3
  2148 | D:3      | Reached XP level 5. HP: 47/47 MP: 4/4
  2301 | D:3      | Noticed Zeo's ghost (weakling DrHu)
  2409 | D:3      | Reached *** piety under Trog
  2531 | D:3      | Found a faded altar of an unknown god.
  3433 | D:4      | Reached XP level 6. HP: 52/55 MP: 5/5
  3569 | D:4      | Reached skill level 5 in Fighting
  3569 | D:4      | Reached skill level 1 in Axes
  3735 | D:4      | Reached skill level 2 in Axes
  3808 | D:4      | Identified the +2 hand axe "Pinwav" {freeze, rN+}
  3860 | D:4      | Reached XP level 7. HP: 50/61 MP: 6/6
  3871 | D:4      | Reached skill level 3 in Axes
  3922 | D:4      | Reached skill level 4 in Axes
  4219 | D:5      | Entered Level 5 of the Dungeon
  4271 | D:5      | Noticed Blork the orc
  4285 | D:5      | Reached skill level 5 in Axes
  4288 | D:5      | Killed Blork the orc
  4289 | D:5      | Reached skill level 5 in Armour
  4484 | D:5      | Reached XP level 8. HP: 70/70 MP: 7/7
  4490 | D:5      | Reached skill level 6 in Axes
  4608 | D:5      | Found a hazy altar of Hepliaklqana.
  4647 | D:5      | Reached **** piety under Trog
  4894 | D:6      | Found Xaig's General Store.
  4920 | D:6      | Found a staircase to the Ecumenical Temple.
  4959 | D:6      | Reached skill level 7 in Axes
  5122 | D:6      | Found a shadowy altar of Dithmenos.
  5221 | D:6      | Reached skill level 8 in Axes
  5302 | D:6      | Found Ozaoll's Distillery.
  5310 | D:6      | Identified the +5 pair of gloves "Eprum" {^Drain rElec rC+
                  | Int+3}
  5330 | D:6      | Found an ornate altar of the Wu Jian Council.
  5734 | D:7      | Noticed a slime creature
  5734 | D:7      | Noticed a slime creature
  5734 | D:7      | Noticed a slime creature
  5745 | D:7      | Noticed a slime creature
  5746 | D:7      | Noticed a slime creature
  5749 | D:7      | Found a flagged portal.
  5750 | D:7      | Noticed a slime creature
  5758 | D:7      | Reached skill level 9 in Axes
  5763 | D:7      | Reached XP level 9. HP: 21/79 MP: 8/8
  5769 | D:7      | Annihilated by a titanic slime creature

Illustrated notes

Levels and vault maps discovered:
D:1:      roderic_octagonal_star, layout_basic
D:2:      layout_loops_ring
D:3:      layout_rooms, gammafunk_ghost_icy, shapermc_ecumenical_altar_acropolis
D:4:      layout_basic, nicolae_ossuary_entry_catacombs,
          serial_library_hellmonk_u_bend
D:5:      layout_loops_ring, mainiacjoe_overflow_surrounded_room,
          uniq_blork_the_orc
D:6:      layout_loops_ring, lemuel_crystal_altar,
          pdpol_wu_jian_five_deadly_venoms, minmay_temple_entry_mist,
          serial_shops, shop, shop
D:7:      layout_cave_pools, gammafunk_ghost_split, enter_bailey_6

Skill      XL: |  1  2  3  4  5  6  7  8 |
---------------+-------------------------+-----
Maces & Flails | 4 5 6 |  6.6
Fighting       | 4 5 7 |  7.1
Armour         | 3 4 5 6 |  6.2
Axes           | 2 5 9 |  9.2
Dodging        | 3 |  3.7
Stealth        | |  0.7

Action                     |  1- 3 |  4- 6 |  7- 9 || total
---------------------------+-------+-------+-------++-------
  Melee: Mace              |    69 |       |       ||    69
         Headbutt          |    10 |    18 |    32 ||    60
         Flail             |       |    38 |       ||    38
         War axe           |       |    39 |    49 ||    88
         Hand axe          |       |       |   101 ||   101
 Invoke: Trog's Hand       |     1 |     1 |       ||     2
         Berserk           |     1 |       |       ||     1
    Use: Scroll            |       |       |     4 ||     4
         Potion            |       |       |     4 ||     4
 Armour: Animal skin       |    22 |       |       ||    22
         Ring mail         |    16 |    54 |    27 ||    97
         Plate armour      |       |       |    66 ||    66
  Dodge: Dodged            |    39 |    74 |    89 ||   202
